 Dungeon Crawl Stone Soup version 0.17.1-1-g73c8601 (webtiles) character file.

78 shmeve the Shield-Bearer (level 4, 0/37 HPs)
             Began as a Formicid Fighter on Apr 18, 2016.
             Killed from afar by Natasha (2 damage)
             ... with a magic dart
             ... on level 3 of the Dungeon.
             The game lasted 00:02:52 (1085 turns).

shmeve the Shield-Bearer (Formicid Fighter)         Turns: 1085, Time: 00:02:52

Health: 0/37       AC:  6    Str: 26    XL:     4   Next: 61%
Magic:  4/4        EV:  8    Int:  8    God:
Gold:   87         SH: 10    Dex: 10    Spells: 0 memorised, 3 levels left

rFire  . . .     SeeInvis +     a - +0 war axe
rCold  . . .     Clarity  .     b - +0 scale mail
rNeg   . . .     SustAt   .     c - +0 shield
rPois  .         Gourm    .     (helmet unavailable)
rElec  .         Spirit   .     (no cloak)
rCorr  .         Warding  .     (no gloves)
rMut   .         Stasis   +     (no boots)
MR     .....                    (no amulet)
Stlth  ..........               (no ring)
                                (no ring)

@: mighty, not resistant to hostile enchantments, extremely unstealthy
A: permanent stasis, dig shafts and tunnels, four strong arms, antennae 3
a: Dig, Shaft Self


You were on level 3 of the Dungeon.
You were not hungry.

You visited 1 branch of the dungeon, and saw 3 of its levels.

You collected 87 gold pieces.

Inventory:

Hand Weapons
 a - a +0 war axe (weapon)
 i - a +0 hunting sling
Armour
 b - a +0 scale mail (worn)
 c - a +0 shield (worn)
Scrolls
 f - a scroll of fear {unknown}
 j - a scroll of amnesia {unknown}
 k - a scroll of magic mapping {unknown}
 l - a scroll of enchant weapon {unknown}
 m - a scroll of enchant armour {unknown}
 p - a scroll of remove curse {unknown}
 q - 3 scrolls of identify {unknown}
 s - a scroll of random uselessness {unknown}
Potions
 d - 2 potions of might
 g - a potion of resistance {unknown}
 h - a potion of lignification {unknown}
 n - a potion of flight {unknown}
 o - a potion of curing {unknown}
 r - a potion of haste {unknown}
Comestibles
 e - 2 bread rations


   Skills:
 * Level 4.0 Fighting
 * Level 2.6 Axes
 + Level 0.2 Slings
 + Level 3.6 Armour
 + Level 0.8 Dodging
 * Level 4.4 Shields


You had 3 spell levels left.
You didn't know any spells.

Dungeon Overview and Level Annotations

Branches:
Dungeon (3/15)

Altars:
Fedhas

Annotations:
D:3 Natasha


Innate Abilities, Weirdness & Mutations

You are under a permanent stasis effect.
You can dig through walls and to a lower floor.
Your four strong arms can wield two-handed weapons with a shield.
You have a pair of large antennae on your head (SInv).


Message History

The crimson imp hits you but does no damage.
The white imp hits you but does no damage.
Unknown command.
You closely miss Natasha.
Natasha is almost dead.
You closely miss the giant cockroach.
The giant cockroach is severely wounded.
You barely miss the white imp.
The white imp is severely wounded.
You closely miss the crimson imp. The giant cockroach closely misses you.
You block Natasha's attack.
The goblin shoots a sling bullet.
The sling bullet hits you.
* * * LOW HITPOINT WARNING * * *
The crimson imp blinks!
You block the giant cockroach's attack. The white imp gestures at you.
The puff of frost hits you!
* * * LOW HITPOINT WARNING * * *
Natasha casts a spell at you. The magic dart hits you!
You die...

#... ....5 #... ...^.
###.. .... ##.... ...
########..#.# ####.##
....<.#..##.#
....((########...###.#
#####5ยง...........##..#
#....s@.........#......
...###h.###########...##
##g# ##...# #5. #####
##. #. . ..


You could see Natasha (invisible), a crimson imp, 2 white imps, a giant
cockroach and a goblin.

Vanquished Creatures
  Natasha (D:3)
  3 adder skeletons (D:2)
  A worm (D:2)
  A bat (D:1)
  A giant cockroach (D:2)
  4 goblins
  8 hobgoblins
  6 jackals
  2 quokkas (D:2)
  A ball python (D:2)
  A giant gecko (D:3)
  A giant newt (D:2)
  A jackal zombie (D:2)
  5 kobolds
  5 rats
41 creatures vanquished.

Notes
Turn   | Place    | Note
--------------------------------------------------------------
     0 | D:1      | shmeve the Formicid Fighter began the quest for the Orb.
     0 | D:1      | Reached XP level 1. HP: 18/18 MP: 1/1
    50 | D:1      | Reached XP level 2. HP: 21/24 MP: 2/2
   425 | D:2      | Reached skill level 4 in Shields
   425 | D:2      | Reached XP level 3. HP: 24/30 MP: 3/3
   662 | D:2      | Found a blossoming altar of Fedhas.
   767 | D:2      | Reached XP level 4. HP: 35/37 MP: 4/4
   941 | D:3      | Noticed Natasha
   948 | D:3      | Killed Natasha
  1076 | D:3      | Noticed Natasha
  1085 | D:3      | Killed from afar by Natasha

Action                   |  1- 3 |  4- 6 || total
-------------------------+-------+-------++-------
Melee: War axe           |   109 |    24 ||   133
  Use: Potion            |       |     1 ||     1
  Eat: Chunk             |       |     1 ||     1
